 Dungeon Crawl Stone Soup version 0.22.1-2-g9c5b331383 (webtiles) character file.

12489 Ivernyr the Unseen (level 11, -4/40 HPs)
             Began as a Felid Enchanter on Nov 26, 2018.
             Was a High Priest of Dithmenos.
             Slain by a death yak (17 damage)
             ... on level 4 of the Lair of Beasts on Nov 27, 2018.
             The game lasted 03:01:16 (22967 turns).

Ivernyr the Unseen (Felid Enchanter)               Turns: 22967, Time: 03:01:17

Health: -4/40      AC:  3    Str:  4    XL:     11   Next: 63%
Magic:  19/19      EV: 37    Int: 25    God:    Dithmenos [*****.]
Gold:   933        SH:  5    Dex: 22    Spells: 11/20 levels left
                                        Lives:  0   Deaths: 3

rFire    + . .     SeeInvis +     - Unarmed
rCold    + . .     Gourm    .   (shield unavailable)
rNeg     . . .     Faith    .   (armour unavailable)
rPois    .         Spirit   .   (helmet unavailable)
rElec    .         Reflect  +   (cloak unavailable)
rCorr    .         Harm     .   (gloves unavailable)
MR       +....                  (boots unavailable)
Stlth    ++++++++++             G - amulet of Egalitarianism {Reflect rF+ Int+4 SH+5}
HPRegen  0.13/turn              s - +6 ring of evasion
MPRegen  0.16/turn              A - +5 ring of dexterity

@: wreathed by umbra, quick
A: very small, no armour, no weapons or thrown items, stealth, claws 1, fangs 3,
see invisible, carnivore, speed 1, shaggy fur 3, slow metabolism 1, sharp paws
a: Shadow Step, Shadow Form, Renounce Religion


You were on level 4 of the Lair of Beasts.
You worshipped Dithmenos.
Dithmenos was extremely pleased with you.
You were very full.

You visited 3 branches of the dungeon, and saw 15 of its levels.
You also visited: Ice Cave.

You collected 933 gold pieces.

Inventory:

Jewellery
 s - a +6 ring of evasion (left paw)
 A - a +5 ring of dexterity (right paw)
 D - a +3 ring of intelligence {unknown}
 G - the amulet of Egalitarianism (around neck) {Reflect rF+ Int+4 SH+5}
   (You found it in an ice cave)

   [amulet of reflection]

   It shields you and reflects attacks.
   It affects your intelligence (+4).
   It protects you from fire.
   It affects your SH (+5).
Wands
 n - a wand of paralysis (11)
 q - a wand of digging (13)
Scrolls
 d - a scroll of teleportation
 f - 6 scrolls of remove curse
 g - 2 scrolls of identify
 i - 2 scrolls of enchant armour
 k - a scroll of magic mapping
 o - 4 scrolls of amnesia
 r - 3 scrolls of random uselessness {unknown}
 v - a scroll of blinking {unknown}
 w - a scroll of vulnerability {unknown}
 y - 2 scrolls of enchant weapon {unknown}
 z - a scroll of torment {unknown}
 C - a scroll of fog {unknown}
 E - a scroll of fear {unknown}
Potions
 a - 3 potions of curing {unknown}
 c - 3 potions of berserk rage {unknown}
 e - 2 potions of agility {unknown}
 h - a potion of resistance
 j - a potion of lignification {unknown}
 l - 2 potions of ambrosia {unknown}
 m - 2 potions of mutation {unknown}
 p - a potion of invisibility {unknown}
 t - 4 potions of degeneration {unknown}
 u - a potion of experience {unknown}
 x - 4 potions of heal wounds {unknown}
 F - a potion of might {unknown}
 H - a potion of cancellation {unknown}
Comestibles
 b - 22 rations


   Skills:
 + Level 12.0 Dodging
 * Level 18.5 Stealth
 + Level 9.4 Unarmed Combat
 - Level 5.0 Spellcasting
 + Level 14.1 Hexes


You had 11 spell levels left.
You knew the following spells:

 Your Spells              Type           Power        Failure   Level  Hunger
a - Corona                Hex            ######.      1%          1    None
b - Ensorcelled Hibernat  Hex/Ice        #####.       1%          2    None
c - Confuse               Hex            ######..     1%          3    ##.....
d - Tukima's Dance        Hex            ######..     1%          3    ##.....

Your spell library contained the following spells:

 Spells                   Type           Power        Failure   Level  Hunger
 Dazzling Spray           Conj/Hex       #####.       1%          3    ##.....
 Summon Butterflies       Summ           #.......     9%          1    None
 Summon Mana Viper        Hex/Summ       #####...     13%         5    #####..
 Call Canine Familiar     Summ           #.......     24%         3    ##.....
 Summon Ice Beast         Ice/Summ       #.......     63%         4    ####...
 Summon Hydra             Summ           #.........   100%        7    #######


Dungeon Overview and Level Annotations

Branches:
Dungeon (10/15)            Temple (1/1) D:7            Lair (4/6) D:8
  Swamp (0/4) Lair:2        Snake (0/4) Lair:3          Orc (0/2) D:9

Altars:
Ashenzari
Cheibriados
Dithmenos
Elyvilon
Fedhas
Gozag
Hepliaklqana
Kikubaaqudgha
Makhleb
Nemelex Xobeh
Okawaru
Qazlal
Ru
Sif Muna
Trog
Uskayaw
Vehumet
Wu Jian
Xom
Yredelemnul
Zin
The Shining One

Annotations:
D:3 3 runed doors, cada's ghost, amateur NaFi
D:7 3 runed doors, grot's ghost, novice HOAK; highc0's ghost, novice HuWn
D:8 1 runed door, exclusion: ice statue, lilly's ghost, novice FeFi
D:10 Erica
Lair:1 2 transporters


Innate Abilities, Weirdness & Mutations

You cannot wear armour.
You are incapable of wielding weapons or throwing items.
Your paws allow you to move quietly. (Stealth)
You have sharp claws.
You have razor-sharp teeth.
You have supernaturally acute eyesight. (SInv)
You are carnivorous and can eat meat at any time.
You cover ground quickly.
Your thick and shaggy fur keeps you warm. (AC +3, rC+)
You have a slow metabolism.
Your sharp claws are effective at attacking unaware monsters.


Message History

The death yak is heavily wounded.
Your shadow hits the death yak but does no damage.
You pounce on the helpless death yak from behind!
You eviscerate the death yak!!!
You kill the death yak!
Dithmenos accepts your kill.
You start resting.
Magic restored.
You start resting.
HP restored.
You see here a club.
There is a stone staircase leading down here.
You climb downwards.
You block the death yak's attack. The death yak gores you!!
Ouch! That really hurt!
* * * LOW HITPOINT WARNING * * *
You emit a cloud of dark smoke.
There is a stone staircase leading up, spattered with blood here.
The death yak gores you!
You die...

##..............#
##.............###
#...........§..#
#####........§§...####
###.#.........§§......P####
###............§.§§......##.P
#.#..........#§§§§§§.........
#...........YY§§§§§§..##.....
##..........@..§§§P..........
##............§§§§...........
#...............§..#.........
##............§.§..#.......(.
#.............§..........##..
#.........................#..
###...........#..#........(..
#...........P...............
#.##........[^.........P....


You could see 2 death yaks.

Vanquished Creatures
  3 hydras (Lair:3)
  An ice dragon (Lair:4)
  A two-headed ogre (D:8)
  3 death yaks
  Urug (Lair:4)
  5 elephants (Lair:3)
  5 spiny frogs
  2 black mambas
  A rime drake (Lair:4)
  5 komodo dragons
  2 trolls
  3 tyrant leeches (Lair:2)
  2 polar bears
  8 hippogriffs
  A wyvern (Lair:2)
  20 yaks
  2 basilisks
  2 nagas (Lair:3)
  A swamp worm (Lair:2)
  7 water moccasins
  7 orc warriors
  4 porcupines
  2 ice beasts
  2 sky beasts
  A phantom (D:4)
  A black bear (D:9)
  An eye of draining (D:10)
  14 wolves
  5 ogres
  4 centaurs
  4 crocodiles
  4 big kobolds
  Blork the orc (D:6)
  13 bullfrogs
  A gnoll sergeant (D:8)
  A wyvern zombie (D:8)
  A wyvern skeleton (D:10)
  5 scorpions
  4 killer bees (D:8)
  5 wights (D:9)
  An electric eel (Lair:3)
  2 howler monkeys
  A quasit (D:10)
  3 crimson imps
  A bullfrog skeleton (D:4)
  4 jellies
  8 hounds
  8 orc priests
  6 iguanas
  10 orc wizards
  5 worker ants
  A killer bee zombie (D:9)
  A worker ant zombie (D:5)
  5 gnolls
  10 adders
  4 shadow imps
  2 oozes (D:2)
  2 adder zombies
  An adder skeleton (D:5)
  4 worms
  A dart slug (D:3)
  6 leopard geckos
  64 orcs
  7 bats
  10 giant cockroaches
  8 hobgoblins
  8 jackals
  5 quokkas
  3 ball pythons
  6 frilled lizards
  A giant cockroach zombie (D:5)
  4 goblins
  38 kobolds
  A leopard gecko skeleton (D:5)
  7 rats
403 creatures vanquished.

Vanquished Creatures (others)
  2 polar bears (IceCv)
  A yak (IceCv)
  A wolf (IceCv)
  An orc (D:10)
  5 fungi
  2 plants
  5 withered plants (D:7)
17 creatures vanquished.

Grand Total: 420 creatures vanquished

Notes
Turn   | Place    | Note
-------+----------+-------------------------------------------
     0 | D:1      | Ivernyr the Felid Enchanter began the quest for the Orb.
     0 | D:1      | Reached XP level 1. HP: 7/7 MP: 4/4
   743 | D:1      | Reached XP level 2. HP: 4/11 MP: 3/6
  1262 | D:1      | Learned a level 2 spell: Ensorcelled Hibernation
  1525 | D:2      | Reached XP level 3. HP: 14/14 MP: 2/7
  1577 | D:2      | Learned a level 3 spell: Confuse
  1590 | D:2      | Reached skill level 5 in Stealth
  2211 | D:2      | Reached skill level 5 in Hexes
  2983 | D:2      | Reached XP level 4. HP: 18/18 MP: 8/8
  3550 | D:3      | Found a runed gate.
  3550 | D:3      | Found a runed gate.
  3550 | D:3      | Found a runed gate.
  3557 | D:3      | Noticed cada's ghost (amateur NaFi)
  4402 | D:3      | Noticed a big kobold
  4707 | D:2      | Killed a big kobold
  4707 | D:2      | Reached skill level 6 in Stealth
  4707 | D:2      | Reached XP level 5. HP: 11/21 MP: 1/10
  5050 | D:3      | Found a snail-covered altar of Cheibriados.
  5250 | D:3      | Gained mutation: You are covered in thick fur. (AC +2)
                  | [Felid growth]
  5250 | D:3      | Reached XP level 6. HP: 21/24 MP: 2/11
  5269 | D:3      | Reached skill level 7 in Stealth
  6680 | D:4      | Reached skill level 5 in Dodging
  6680 | D:4      | Reached XP level 7. HP: 27/27 MP: 6/13
  6737 | D:4      | Reached skill level 8 in Stealth
  7301 | D:4      | Reached skill level 9 in Stealth
  7582 | D:5      | Entered Level 5 of the Dungeon
  7589 | D:5      | Reached XP level 8. HP: 31/31 MP: 15/15
  7927 | D:5      | Found a hazy altar of Hepliaklqana.
  8146 | D:5      | Reached skill level 10 in Stealth
  8241 | D:5      | Found a sparkling altar of Nemelex Xobeh.
  8445 | D:6      | Learned a level 3 spell: Tukima's Dance
  8636 | D:6      | Noticed Blork the orc
  8648 | D:6      | Killed Blork the orc
  9245 | D:6      | Found a shimmering altar of Xom.
  9750 | D:7      | Reached skill level 5 in Spellcasting
  9758 | D:7      | Found a runed gate.
  9758 | D:7      | Found a runed gate.
  9759 | D:7      | Found a runed gate.
  9760 | D:7      | Noticed highc0's ghost (novice HuWn)
  9764 | D:7      | Noticed grot's ghost (novice HOAK)
  9908 | D:7      | Reached skill level 11 in Stealth
 10046 | D:7      | Found a staircase to the Ecumenical Temple.
 10090 | Temple   | Entered the Ecumenical Temple
 10522 | Temple   | Became a worshipper of Dithmenos the Shadowed
 10599 | D:7      | Reached XP level 9. HP: 34/34 MP: 12/17
 10708 | D:7      | Found an iron altar of Okawaru.
 10756 | D:7      | Found a blossoming altar of Fedhas.
 11781 | D:8      | Found a glowing golden altar of the Shining One.
 11781 | D:8      | Found an ancient bone altar of Kikubaaqudgha.
 11781 | D:8      | Found a shattered altar of Ashenzari.
 11990 | D:8      | Noticed an ice statue
 12048 | D:8      | Found a staircase to the Lair.
 12077 | D:8      | Reached * piety under Dithmenos
 12077 | D:8      | Reached skill level 12 in Stealth
 12164 | D:8      | Noticed a troll
 12165 | D:8      | Killed a troll
 12165 | D:8      | Reached skill level 5 in Unarmed Combat
 12498 | D:8      | Noticed lilly's ghost (novice FeFi)
 12499 | D:8      | Found a runed door.
 12648 | D:8      | Reached skill level 10 in Hexes
 12706 | D:8      | Reached skill level 13 in Stealth
 12838 | D:8      | Found a sacrificial altar of Ru.
 12898 | D:8      | Noticed a two-headed ogre
 12910 | D:8      | Killed a two-headed ogre
 12910 | D:8      | Reached XP level 10. HP: 16/37 MP: 15/18
 13214 | D:9      | Found an iron altar of Okawaru.
 13477 | D:9      | Reached ** piety under Dithmenos
 13565 | D:9      | Mangled by an ice beast
 13566 | D:9      | Reached XP level 9. HP: -6/34 MP: 6/17
 13789 | D:9      | Found a staircase to the Orcish Mines.
 14262 | D:9      | Noticed a troll
 14268 | D:9      | Killed a troll
 14268 | D:9      | Reached skill level 14 in Stealth
 14303 | D:9      | Reached *** piety under Dithmenos
 14915 | D:10     | Entered Level 10 of the Dungeon
 14971 | D:10     | Reached XP level 10. HP: 37/37 MP: 11/18
 15036 | D:10     | Noticed Erica
 15887 | D:10     | Killed from afar by Erica
 15888 | D:10     | Reached XP level 9. HP: 0/34 MP: 13/17
 16355 | Lair:1   | Entered Level 1 of the Lair of Beasts
 16355 | Lair:1   | Found a transporter.
 16355 | Lair:1   | Noticed a komodo dragon
 16362 | Lair:1   | Killed a komodo dragon
 16362 | Lair:1   | Reached skill level 15 in Stealth
 16405 | Lair:1   | Noticed a komodo dragon
 16411 | Lair:1   | Killed a komodo dragon
 16412 | Lair:1   | Noticed a black mamba
 16420 | Lair:1   | Killed a black mamba
 16510 | Lair:1   | Noticed a spiny frog
 16516 | Lair:1   | Killed a spiny frog
 16516 | Lair:1   | Reached XP level 10. HP: 37/37 MP: 15/18
 16717 | Lair:1   | Reached **** piety under Dithmenos
 16742 | Lair:1   | Noticed a spiny frog
 16747 | Lair:1   | Found a transporter.
 16749 | Lair:1   | Killed a spiny frog
 16765 | Lair:1   | Noticed a swamp dragon
 16768 | Lair:1   | Noticed a black mamba
 16832 | Lair:1   | Noticed a spiny frog
 16832 | Lair:1   | Noticed a swamp dragon
 16979 | Lair:1   | Noticed a swamp dragon
 16979 | Lair:1   | Noticed a black mamba
 16980 | Lair:1   | Noticed a swamp dragon
 16987 | Lair:2   | Noticed a spiny frog
 16995 | Lair:2   | Killed a spiny frog
 17017 | Lair:2   | Noticed a spiny frog
 17349 | Lair:2   | Noticed a spiny frog
 17357 | Lair:2   | Killed a spiny frog
 17398 | Lair:2   | Reached skill level 10 in Dodging
 17398 | Lair:2   | Reached skill level 16 in Stealth
 17446 | Lair:2   | Noticed a black mamba
 17455 | Lair:2   | Killed a black mamba
 17455 | Lair:2   | Reached XP level 11. HP: 40/40 MP: 0/19
 17847 | Lair:2   | Found a staircase to the Swamp.
 18247 | Lair:3   | Noticed a four-headed hydra
 18255 | Lair:3   | Killed a four-headed hydra
 18329 | Lair:3   | Found a staircase to the Snake Pit.
 18383 | Lair:3   | Noticed a four-headed hydra
 18390 | Lair:3   | Killed a four-headed hydra
 18428 | Lair:3   | Reached skill level 17 in Stealth
 18557 | Lair:3   | Reached ***** piety under Dithmenos
 19660 | Lair:3   | Noticed a six-headed hydra
 19672 | Lair:3   | Killed a six-headed hydra
 19829 | Lair:3   | Gained mutation: Your thick and shaggy fur keeps you warm.
                  | (AC +3, rC+) [Felid growth]
 19829 | Lair:3   | Reached XP level 12. HP: 44/44 MP: 20/20
 20220 | Lair:4   | Noticed a death yak
 20315 | Lair:4   | Found a frozen archway.
 20320 | Lair:4   | Noticed an ice dragon
 20362 | Lair:4   | Killed an ice dragon
 20362 | Lair:4   | Reached skill level 18 in Stealth
 20455 | IceCv    | Entered an ice cave
 21118 | IceCv    | Engulfed by a cloud of freezing vapour
 21119 | IceCv    | Reached XP level 11. HP: -3/40 MP: 19/19
 21124 | IceCv    | Got a transparent amethyst amulet
 21128 | IceCv    | Identified the amulet of Egalitarianism {Reflect rF+ Int+4
                  | SH+5} (You found it in an ice cave)
 21879 | Lair:4   | Noticed Urug
 22071 | Lair:4   | Noticed a death yak
 22072 | Lair:4   | Noticed a death yak
 22351 | Lair:4   | Noticed a death yak
 22352 | Lair:4   | Killed Urug
 22369 | Lair:4   | Noticed a death yak
 22471 | Lair:4   | Killed a death yak
 22700 | Lair:4   | Killed a death yak
 22759 | Lair:3   | Killed a death yak
 22967 | Lair:4   | Slain by a death yak

Skill      XL: |  1  2  3  4  5  6  7  8  9 10 11 12 |
---------------+-------------------------------------+-----
Dodging        | 3 4 5 8 10 12 | 12.0
Stealth        | 5 6 7 9 11 15 16 17 18 | 18.5
Hexes          | 5 6 7 8 11 12 14 | 14.1
Spellcasting   | 3 4 5 |  5.0
Unarmed Combat | 2 3 7 8 9 |  9.4

Action                   |  1- 3 |  4- 6 |  7- 9 | 10-12 || total
-------------------------+-------+-------+-------+-------++-------
Melee: Unarmed           |    87 |   195 |   359 |   243 ||   884
       Bite              |     7 |    10 |    31 |    20 ||    68
       Punch             |       |       |     4 |     7 ||    11
 Cast: Corona            |    12 |     3 |       |     3 ||    18
       Ensorcelled Hiber |    21 |    72 |   138 |   154 ||   385
       Confuse           |     2 |    11 |    18 |    39 ||    70
Evoke: Wand              |       |       |       |     6 ||     6
  Use: Scroll            |       |       |       |     7 ||     7
 Stab: Sleeping          |    19 |    54 |   133 |    94 ||   300
       Confused          |     1 |     3 |    12 |    23 ||    39
       Distracted        |       |       |     5 |     5 ||    10
  Eat: Chunk             |    13 |     7 |    28 |    24 ||    72
Armor: Skin              |     9 |    15 |    11 |     8 ||    43
Dodge: Dodged            |    77 |   208 |   288 |   382 ||   955
Block: Other             |       |       |       |     4 ||     4
